 Dungeon Crawl Stone Soup version 0.30-b1-2-g02819fbbbe (webtiles) character file.

Game seed: 9090548972799771502

649 McGuffinMan the Chopper (level 7, -4/61 HPs)
             Began as a Minotaur Berserker on Oct 11, 2023.
             Was a Priest of Trog.
             Slain by Sigmund
             ... wielding a +2 scythe of protection
              (10 damage)
             ... on level 5 of the Dungeon.
             The game lasted 01:12:50 (5096 turns).

McGuffinMan the Chopper (Minotaur Berserker)        Turns: 5096, Time: 01:12:51

Health: -4/61      AC:  7    Str: 23    XL:     7   Next: 28%
Magic:  6/6        EV: 11    Int:  4    God:    Trog [***...]
Gold:   174        SH:  0    Dex: 10    Spells: 6/6 levels left

rFire   + . .        n - +2 halberd (freeze)
rCold   + . .        (shield currently unavailable)
rNeg    . . .        Y - +0 scale mail
rPois   +            (helmet restricted)
rElec   +            (no cloak)
rCorr   +            (no gloves)
SInv    .            (no boots)
Will    .....        (no amulet) Stlth
                     (no ring)
HPRegen 0.30/turn    (no ring)
MPRegen 0.10/turn

%: no passive effects
@: mighty, resistant, flying, hasted, very quick
A: horns 2, retaliatory headbutt
a: Renounce Religion, Berserk, Trog's Hand


You were on level 5 of the Dungeon.
You worshipped Trog.
Trog was most pleased with you.
You visited 2 branches of the dungeon, and saw 6 of its levels.

You collected 174 gold pieces.

Inventory:

Hand Weapons
 a - a +0 hand axe
 i - a +0 whip
 k - a +0 short sword of holy wrath
 n - a +2 halberd of freezing (weapon)
 q - a +0 spear
 r - a +1 mace of protection
 s - a +0 hand axe
 v - a +0 whip
 x - a +0 falchion
 B - a +0 falchion
 C - a +0 hand axe
 D - a +0 club
 F - a +0 hand axe
 G - a +0 sling
 H - a +2 dagger of speed
 I - a +0 club
 J - a +0 trident
 K - a +0 short sword
 L - a +0 flail
 N - a +0 whip
 Q - a +0 dagger of freezing
 R - a +0 sling
 S - a +0 short sword
 T - a +0 short sword
 U - a +0 spear
 Z - a +0 whip
Missiles
 l - 28 stones
 u - 9 poisoned darts
Armour
 b - a +0 animal skin
 m - a +0 chain mail
 A - a +0 robe
 M - a +0 leather armour
 O - a +0 scale mail
 X - a +0 ring mail
 Y - a +0 scale mail (worn)
Jewellery
 f - an amulet of magic regeneration
 V - an amulet of magic regeneration
Wands
 h - a wand of charming (4)
Scrolls
 c - 6 scrolls of identify {unknown}
 e - a scroll of noise {unknown}
 j - 3 scrolls of fog {unknown}
 o - 3 scrolls of blinking {unknown}
 t - a scroll of vulnerability {unknown}
 w - 4 scrolls of teleportation (quivered) {unknown}
 y - a scroll of fear {unknown}
 W - 2 scrolls of enchant weapon {unknown}
Potions
 z - a potion of resistance
 P - a potion of mutation {unknown}


   Skills:
 * Level 5.4 Fighting
 + Level 7.0 Axes
 - Level 0.1(4.3) Polearms
 + Level 5.3 Armour
 + Level 3.5 Dodging
 - Level 0.9 Stealth
 - Level 0.5 Unarmed Combat


You had 6 spell levels left.
You didn't know any spells.
Your spell library contained the following spells:

 Spells                   Type           Power      Damage    Failure   Level
 Freeze                   Ice            0%         1d3       80%         1
 Frozen Ramparts          Ice            0%         1d1       99%         3
 Hailstorm                Conj/Ice       0%         3d3       99%         3
 Polar Vortex             Ice            0%         N/A       100%        9


Dungeon Overview and Level Annotations

Branches:
Dungeon (5/15)             Temple (1/1) D:4

Altars:
Cheibriados
Elyvilon
Fedhas
Makhleb
Nemelex Xobeh
Okawaru
Ru
Sif Muna
Vehumet
Xom
Yredelemnul
The Shining One

Shops:
D:4 (

Annotations:
D:5 Sigmund


Innate Abilities, Weirdness & Mutations

You have a pair of horns on your head.
You reflexively headbutt those who attack you in melee.


Message History

Press: ? - help, Dir - move target You hit something.
You freeze something. Your headbutt misses something. Something hits you!
* * * LOW HITPOINT WARNING * * *
Reach: n) +2 halberd (freeze)
Press: ? - help, Dir - move target You completely miss something.
Something hits you but does no damage.
Reach: n) +2 halberd (freeze)
Press: ? - help, Dir - move target You completely miss something.
You hear some strange, mumbled words.
You are confused.
You're too confused to aim your attacks!
You bump into the rock wall.
Something hits you but does no damage.
You're too confused to move!
You're too confused to aim your attacks!
You feel very mighty all of a sudden. Something hits you.
* * * LOW HITPOINT WARNING * * *
You're too confused to aim your attacks!
You can't go down here!
You can't go up here!
Level annotation: Sigmund Welcome back, McGuffinMan the Minotaur Berserker.
Trog says: Kill them all!
Press ? for a list of commands and other information.
You feel mightier all of a sudden. Something hits you but does no damage.
Deactivating autopickup; reactivate with Ctrl-A.
It was a potion of resistance.
You feel protected.
You feel less confused.
It was a potion of haste.
You feel yourself speed up. Something hits you but does no damage.
It was a potion of flight.
You feel very buoyant.
You fly up into the air.
Okay, then.
Something hits you!
You die...

#.# #.#.....##.# ##..
.....$.##.# ...
#...###..#####
###.####$†.##........
#≈≈≈≈≈≈≈...'...)...>. .#
#....~...###........
...##..~....#####..#####
#..............##†####.
####..@#..).....#)#....
###...†......)).....
#{...#.##......###
.........###".......
..............#######
###...##......#
#.#.#..#....+
......#.....# ≈≈
.........#


There were no monsters in sight!

Vanquished Creatures
  A steam dragon (D:5)
  A black bear (D:4)
  2 orc priests (D:4)
  A hound (D:5)
  A gnoll bouda (D:5)
  An orc wizard (D:4)
  8 gnolls
  10 adders
  A worm (D:3)
  4 dart slugs
  19 orcs
  4 endoplasms
  6 giant cockroaches
  10 goblins
  7 hobgoblins
  4 jackals
  6 quokkas
  5 ball pythons
  3 bats
  3 frilled lizards
  6 kobolds
  8 rats
111 creatures vanquished.

Vanquished Creatures (others)
  4 withered plants (D:4)
4 creatures vanquished.

Grand Total: 115 creatures vanquished

Notes
Turn   | Place    | Note
-------+----------+-------------------------------------------
     0 | D:1      | McGuffinMan the Minotaur Berserker began the quest for the
                  | Orb.
     0 | D:1      | Reached XP level 1. HP: 19/19 MP: 0/0
   408 | D:1      | Reached XP level 2. HP: 27/27 MP: 1/1
   447 | D:1      | Reached skill level 4 in Axes
   738 | D:1      | Reached XP level 3. HP: 27/33 MP: 2/2
   750 | D:1      | Reached ** piety under Trog
  1642 | D:2      | Reached XP level 4. HP: 36/41 MP: 3/3
  2770 | D:3      | Found a faded altar of an unknown god.
  2925 | D:3      | Reached skill level 5 in Axes
  2981 | D:3      | Reached XP level 5. HP: 46/47 MP: 4/4
  3260 | D:4      | Found a basalt altar of Yredelemnul.
  3431 | D:4      | Reached *** piety under Trog
  3600 | D:4      | Noticed a black bear
  3609 | D:4      | Killed a black bear
  3610 | D:4      | Reached skill level 5 in Fighting
  3610 | D:4      | Reached skill level 6 in Axes
  3610 | D:4      | Reached XP level 6. HP: 56/56 MP: 5/5
  3656 | D:4      | Found Dasoeqia's Antique Weapon Emporium.
  3702 | D:4      | Found an iron altar of Okawaru.
  4014 | D:4      | Got the Grimoire of the Icicle
  4188 | D:4      | Found a staircase to the Ecumenical Temple.
  4207 | Temple   | Entered the Ecumenical Temple
  4893 | D:5      | Entered Level 5 of the Dungeon
  5047 | D:5      | Noticed a steam dragon
  5058 | D:5      | Reached XP level 7. HP: 58/61 MP: 6/6
  5061 | D:5      | Killed a steam dragon
  5062 | D:5      | Reached skill level 7 in Axes
  5062 | D:5      | Reached skill level 5 in Armour
  5073 | D:5      | Noticed Sigmund
  5096 | D:5      | Slain by Sigmund

Illustrated notes

Levels and vault maps discovered:
D:1:      minmay_arrival_up_and_down, layout_basic
D:2:      layout_basic, minmay_close_crescents
D:3:      layout_loops_corners, hellmonk_ecumenical_altar_arch_garden
D:4:      layout_layer_cave, yredelemnul_altar_generic,
          okawaru_ov_weapons_minmay, minmay_temple_entry_nine_rooms,
          serial_shops, shop, minmay_cupped
D:5:      layout_rooms, mainiacjoe_overflow_concentric_impassable,
          serial_rivers, chequers_serial_rivers_marsh,
          chequers_serial_rivers_micro_b, chequers_serial_rivers_micro_e,
          chequers_serial_rivers_small_a, chequers_serial_rivers_micro_e,
          chequers_serial_rivers_micro_b, grunt_ministairs_14,
          guppyfry_shop_venom, uniq_sigmund, uniq_blork_the_orc
Temple:   nicolae_temple_ecumenical_triangle

Skill      XL: |  1  2  3  4  5  6  7 |
---------------+----------------------+-----
Fighting       | 4 5 |  5.4
Axes           | 4 5 6 7 |  7.0
Armour         | 3 4 5 |  5.3
Dodging        | 3 |  3.5
Polearms       | |  0.1
Stealth        | |  0.9
Unarmed Combat | |  0.5

Action                     |  1- 3 |  4- 6 |  7- 9 || total
---------------------------+-------+-------+-------++-------
  Melee: Unarmed           |     7 |       |       ||     7
         Hand axe          |    51 |   193 |       ||   244
         Headbutt          |    12 |    38 |       ||    50
         Punch             |     2 |       |       ||     2
         Halberd           |       |     3 |    12 ||    15
         Dagger            |       |     1 |       ||     1
    Use: Potion            |       |     1 |     5 ||     6
 Armour: Leather armour    |    13 |    22 |       ||    35
         Scale mail        |       |    52 |     6 ||    58
  Dodge: Dodged            |    30 |   105 |     7 ||   142
